 Dungeon Crawl Stone Soup version 0.30-a0-937-ga0a21ad780 (webtiles) character file.

Game seed: 6099136522641712871

234 BlueFish the Sneak (level 6, -1/41 HPs)
             Began as an Octopode Warper on Mar 24, 2023.
             Slain by an orc
             ... wielding a +0 hand axe
              (4 damage)
             ... on level 4 of the Dungeon.
             The game lasted 00:08:22 (2841 turns).

BlueFish the Sneak (Octopode Warper)                Turns: 2841, Time: 00:08:23

Health: -1/41      AC:  1    Str: 12    XL:     6   Next: 5%
Magic:  9/9        EV: 18    Int: 16    God:
Gold:   73         SH:  0    Dex: 11    Spells: 6/10 levels left

rFire   . . .      SeeInvis .    p - +0 whip
rCold   . . .      Faith    .    (no shield)
rNeg    . . .      Spirit   .    (helmet restricted)
rPois   .          Reflect  .    (no amulet)
rElec   .          Rampage  .    k - +5 ring of evasion
rCorr   .                        (no ring)
Will    .....                    (no ring)
Stlth   +++                      (no ring)
HPRegen 0.26/turn                (no ring)
MPRegen 0.11/turn                (no ring)
                                 (no ring)
                                 (no ring)

@: no status effects
A: almost no armour, amphibious, 8 rings, camouflage 1, gelatinous body 1,
(nimble swimmer 1), tentacles
a: no special abilities


You were on level 4 of the Dungeon.
You visited 1 branch of the dungeon, and saw 4 of its levels.

You collected 73 gold pieces.

Inventory:

Hand Weapons
 n - a +0 mace
 o - a +0 flail
 p - a +0 whip (weapon)
Missiles
 b - 7 boomerangs of dispersal
 f - 28 stones (quivered)
 h - 5 boomerangs
Jewellery
 k - a +5 ring of evasion (left tentacle)
Wands
 u - a wand of paralysis (7)
Scrolls
 a - a scroll of blinking
 c - a scroll of fear {unknown}
 g - a scroll of poison {unknown}
 r - 4 scrolls of identify {unknown}
 t - a scroll of summoning {unknown}
Potions
 d - a potion of mutation {unknown}
 i - a potion of attraction {unknown}
 j - 2 potions of lignification {unknown}
 l - 2 potions of heal wounds {unknown}
 m - a potion of magic {unknown}
 q - a potion of resistance {unknown}
 s - 2 potions of curing {unknown}


   Skills:
 + Level 2.7 Fighting
 + Level 1.4 Maces & Flails
 + Level 1.9 Throwing
 + Level 3.1 Dodging
 * Level 3.9 Stealth
 - Level 2.1 Unarmed Combat
 + Level 2.6 Spellcasting
 + Level 3.6 Translocations
 + Level 0.6 Evocations


You had 6 spell levels left.
You knew the following spells:

 Your Spells              Type           Power      Damage    Failure   Level
a - Blink                 Tloc           26%        N/A       7%          2
b - Lesser Beckoning      Tloc           26%        N/A       7%          2

Your spell library contained the following spells:

 Spells                   Type           Power      Damage    Failure   Level
 Teleport Other           Tloc           13%        N/A       13%         3
 Vhi's Electric Charge    Tloc/Air       14%        N/A       28%         3
 Manifold Assault         Tloc           13%        N/A       41%         4


Dungeon Overview and Level Annotations

Branches:
Dungeon (4/15)
 Temple: D:4-7

Altars:

Annotations:
D:3 exclusion: black bear


Innate Abilities, Weirdness & Mutations

You cannot wear most types of armour.
You are amphibious.
You can wear up to eight rings at the same time.
Your skin changes colour to match your surroundings (Stealth+).
Your rubbery body absorbs attacks. (AC +1, EV +1)
((You are camouflaged when in or above water. (Stealth+)))
You have tentacles for arms and can constrict up to eight enemies at once.


Message History

You climb downwards.
There is a stone staircase leading up here.
The orc priest invokes the aid of Beogh against you.
Beogh smites you!
Things that are here:
a +0 ring mail; a +0 club The orc priest looks encouraged for a moment.
The orc throws a boomerang.
The boomerang barely misses you.
The orc priest calls down the wrath of Beogh upon you.
You barely resist.
The orc throws a boomerang.
The boomerang closely misses you.
The orc priest casts a cantrip, but nothing happens.
You barely miss the orc priest. Your grab misses the orc priest.
The orc hits you with a +0 hand axe. The orc priest barely misses you.
You hit the orc priest. You grab the orc priest.
The orc priest is lightly wounded.
You constrict the orc priest. The orc completely misses you.
The orc priest mumbles some strange prayers to Beogh against you.
Beogh smites you!
You hit the orc priest but do no damage.
Your tentacle-slap misses the orc priest.
The orc priest is moderately wounded.
You constrict the orc priest. The orc priest misses you.
The orc closely misses you.
You hit the orc priest but do no damage.
The orc priest is moderately wounded.
You constrict the orc priest. The orc misses you.
The orc priest mumbles some strange prayers to Beogh against you.
Beogh smites you!
* * * LOW HITPOINT WARNING * * *
You hit the orc priest. You squeeze the orc priest.
The orc priest is severely wounded.
You constrict the orc priest. The orc barely misses you.
The orc priest calls down the wrath of Beogh upon you.
Pain shoots through your body!
* * * LOW HITPOINT WARNING * * *
You hit the orc priest.
You kill the orc priest!
The orc hits you with a +0 hand axe.
You die...

#.... ##..##
##........#
#....##..##
###.........#
##.....###
##...........#
.......##
##...........##
##..#...#
##............# ##
##..##
##............##
##..###.............#
#..##....o).......##
##........@.......#
##..............##
#.....[.......##
##.......[...##
##.....[[..##
#.....<#### ##.#####
##. ..


You could see an orc.

Vanquished Creatures
  A hound (D:3)
  2 orc priests
  An orc wizard (D:4)
  4 adders
  4 gnolls (D:2)
  4 worms
  2 dart slugs (D:1)
  3 orcs (D:4)
  7 endoplasms
  3 giant cockroaches
  6 goblins
  4 hobgoblins
  A kobold (D:2)
  2 quokkas
  4 ball pythons
  5 bats
  4 frilled lizards
  5 rats
62 creatures vanquished.

Notes
Turn   | Place    | Note
-------+----------+-------------------------------------------
     0 | D:1      | BlueFish the Octopode Warper began the quest for the Orb.
     0 | D:1      | Reached XP level 1. HP: 14/14 MP: 3/3
    48 | D:1      | Reached XP level 2. HP: 17/19 MP: 5/5
    51 | D:1      | Reached skill level 1 in Stealth
   213 | D:1      | Found a faded altar of an unknown god.
   477 | D:1      | Learned a level 2 spell: Blink
   480 | D:1      | Learned a level 2 spell: Lesser Beckoning
   823 | D:2      | Reached XP level 3. HP: 19/24 MP: 6/6
  1007 | D:2      | Reached XP level 4. HP: 16/30 MP: 7/7
  1424 | D:2      | Reached skill level 1 in Maces & Flails
  1738 | D:2      | Reached XP level 5. HP: 14/35 MP: 8/8
  1997 | D:3      | Noticed a black bear
  2764 | D:3      | Reached XP level 6. HP: 29/41 MP: 9/9
  2841 | D:4      | Slain by an orc

Illustrated notes

Levels and vault maps discovered:
D:1:      roderic_dead_forest, layout_basic, ebering_ecumenical_altar_abandoned,
          skrybe_limestone_x
D:2:      layout_loops_ring
D:3:      layout_rooms, hex_large, serial_park_tiny_pond
D:4:      layout_cave_pods, uniq_duvessa

Skill      XL: |  1  2  3  4  5 |
---------------+----------------+-----
Stealth        | 1 2 3 |  3.9
Maces & Flails | 1 |  1.4
Dodging        | 3 |  3.1
Fighting       | |  2.7
Throwing       | |  1.9
Unarmed Combat | |  2.1
Spellcasting   | |  2.6
Translocations | |  3.6
Evocations     | |  0.6

Action                     |  1- 3 |  4- 6 || total
---------------------------+-------+-------++-------
  Melee: Unarmed           |     6 |       ||     6
         Club              |    48 |    37 ||    85
         Constrict         |    14 |    23 ||    37
         Tentacles         |    13 |    20 ||    33
         Mace              |       |    15 ||    15
         Punch             |       |     2 ||     2
         Whip              |       |    58 ||    58
  Throw: Stone             |     2 |     4 ||     6
   Cast: Blink             |       |     2 ||     2
    Use: Scroll            |       |     2 ||     2
   Stab: Sleeping          |     8 |    10 ||    18
         Distracted        |       |     1 ||     1
 Armour: Skin              |     4 |     9 ||    13
  Dodge: Dodged            |    32 |   100 ||   132

Table legend: (Time is in decaauts)
 A = Elapsed time spent in this place.
 B = Non-inter-level travel time spent in this place.
 C = Inter-level travel time spent in this place.
 D = Time resting spent in this place.
 E = Time spent auto-exploring this place.
 F = Levels seen in this place.
 G = Mean time per level.
                   A        B        C        D        E       F      G
               +--------+--------+--------+--------+--------+-----+--------+
         Total |   2870 |   2629 |    241 |    199 |   1704 |   4 |  717.5 |
       Dungeon |   2870 |   2629 |    241 |    199 |   1704 |   4 |  717.5 |
               +--------+--------+--------+--------+--------+-----+--------+

Top non-repeatable levels by time:
     D:2: 1152 daAuts
     D:3: 848 daAuts
     D:1: 749 daAuts
     D:4: 120 daAuts
